 Dungeon Crawl Stone Soup version 0.29-a0-338-g1ff7896281 (webtiles) character file.

Game seed: 5793430066363071368

1148 Dauddaud the Cleaver (level 8, -1/64 HPs)
             Began as a Minotaur Berserker on Apr 19, 2022.
             Was an Elder of Trog.
             Slain by an orc warrior
             ... wielding a +0 halberd
              (11 damage)
             ... on level 7 of the Dungeon.
             The game lasted 00:14:37 (7697 turns).

Dauddaud the Cleaver (Minotaur Berserker)           Turns: 7697, Time: 00:14:38

Health: -1/64      AC:  9    Str: 24    XL:     8   Next: 15%
Magic:  7/7        EV: 10    Int:  4    God:    Trog [****..]
Gold:   592        SH:  0    Dex: 10    Spells: 7/7 levels left

rFire   . . .      SeeInvis .   B - +0 battleaxe
rCold   + . .      Faith    .   (shield currently unavailable)
rNeg    . . .      Spirit   .   s - +2 scale mail {rF+}
rPois   .          Reflect  .   (helmet restricted)
rElec   .          Harm     .   (no cloak)
rCorr   .          Rampage  .   (no gloves)
Will    .....                   m - +0 pair of boots
Stlth   ..........              (no amulet)
HPRegen 0.20/turn               G - ring of ice
MPRegen 0.10/turn               (no ring)

@: no status effects
A: horns 2, retaliatory headbutt
a: Renounce Religion, Berserk, Trog's Hand, Brothers in Arms


You were on level 7 of the Dungeon.
You worshipped Trog.
Trog was greatly pleased with you.
You visited 1 branch of the dungeon, and saw 7 of its levels.
You also visited: Ossuary.

You collected 592 gold pieces.

Inventory:

Hand Weapons
 a - a +0 hand axe
 A - a +0 hand axe of flaming
 B - a +0 battleaxe (weapon)
 E - a +0 war axe
Missiles
 k - a throwing net (quivered)
Armour
 b - a +0 animal skin
 j - a +0 chain mail
 m - a +0 pair of boots (worn)
 s - a +2 scale mail of fire resistance (worn)
Jewellery
 G - a ring of ice (left hand)
Scrolls
 e - 3 scrolls of teleportation {unknown}
 h - 2 scrolls of immolation {unknown}
 n - 3 scrolls of fog {unknown}
 o - a scroll of identify {unknown}
 q - a scroll of silence {unknown}
 u - 2 scrolls of blinking {unknown}
 w - a scroll of enchant weapon {unknown}
 y - a scroll of torment {unknown}
 C - a scroll of enchant armour {unknown}
 D - a scroll of amnesia {unknown}
 H - a scroll of noise {unknown}
 I - a scroll of magic mapping {unknown}
Potions
 c - 4 potions of brilliance {unknown}
 d - 3 potions of invisibility {unknown}
 f - 2 potions of heal wounds {unknown}
 g - 7 potions of curing {unknown}
 i - a potion of attraction {unknown}
 l - 2 potions of magic {unknown}
 p - a potion of might {unknown}
 r - 2 potions of flight {unknown}
 t - 2 potions of haste {unknown}
 v - 6 potions of ambrosia {unknown}
 x - 2 potions of berserk rage {unknown}
 z - 3 potions of mutation {unknown}
 F - a potion of cancellation {unknown}


   Skills:
 - Level 3.6 Fighting
 + Level 12.0 Axes
 - Level 2.4 Armour
 - Level 2.1 Dodging


You had 7 spell levels left.
You didn't know any spells.
Your spell library was empty.

Dungeon Overview and Level Annotations

Branches:
Dungeon (7/15)            Ossuary (visited)
 Temple: D:4-7

Altars:
Ashenzari
Cheibriados
Qazlal
Wu Jian


Innate Abilities, Weirdness & Mutations

You have a pair of horns on your head.
You reflexively headbutt those who attack you in melee.


Message History

The orc warrior shouts!
The orc shouts! x3
Found a scroll labelled JIQIRGHOWKI.
You closely miss the orc. You headbutt the orc!
You kill the orc!
Trog accepts your kill.
The orc warrior hits you from afar with a +0 halberd!
There is an open door, spattered with blood here.
You see here a +0 short sword.
You closely miss the orc. You slash the orc!
You kill the orc!
Trog accepts your kill. The orc barely misses you.
The orc warrior hits you from afar with a +0 halberd!
You closely miss the orc. Your headbutt misses the orc. The orc misses you.
The orc warrior hits you from afar with a +0 halberd!
You are too injured to fight recklessly!
You are too injured to fight recklessly!
You slash the orc!
You kill the orc!
Trog accepts your kill. The orc warrior closely misses you.
There is a stone staircase leading down here.
The orc warrior barely misses you.
The orc warrior hits you with a +0 halberd.
You slice the orc warrior!!
The orc warrior is almost dead.
The orc warrior hits you with a +0 halberd!
* * * LOW HITPOINT WARNING * * *
You hit the orc warrior but do no damage.
The orc warrior is almost dead.
The orc warrior hits you with a +0 halberd.
* * * LOW HITPOINT WARNING * * *
You hit the orc warrior but do no damage.
The orc warrior is almost dead.
The orc warrior hits you with a +0 halberd.
* * * LOW HITPOINT WARNING * * *
You hit the orc warrior.
The orc warrior is almost dead.
The orc warrior hits you with a +0 halberd!
You die...

#### ##.?.#### #...)o@>#
......)##)# #########>#
...#.# ###.#.#######
#.......#...# ###
....#.##.##.#.##### #..
## #.##....#.....# #.#
######.##..#######.###.#


You could see an orc warrior.

Vanquished Creatures
  A black bear (D:6)
  An ogre (D:3)
  A kobold brigand (D:6)
  A necrophage (D:5)
  5 killer bees (D:5)
  3 hounds
  An orc priest (D:4)
  3 iguanas
  Terence (D:3)
  4 orc wizards
  8 mummies (Ossuary)
  Robin (D:3)
  7 adders
  A worm (D:3)
  A dart slug (D:3)
  22 orcs
  7 endoplasms
  A giant cockroach (D:2)
  A gnoll zombie (Ossuary)
  10 hobgoblins
  2 jackals (D:3)
  12 kobolds
  2 quokkas
  9 ball pythons
  7 bats
  3 frilled lizards
  9 goblins (D:3)
  A goblin zombie (D:5)
  4 hobgoblin zombies (Ossuary)
  2 kobold zombies (Ossuary)
  An orc zombie (Ossuary)
  7 rats
  A rat zombie (D:5)
140 creatures vanquished.

Notes
Turn   | Place    | Note
-------+----------+-------------------------------------------
     0 | D:1      | Dauddaud the Minotaur Berserker began the quest for the
                  | Orb.
     0 | D:1      | Reached XP level 1. HP: 19/19 MP: 0/0
   125 | D:1      | Reached skill level 4 in Axes
   627 | D:1      | Reached XP level 2. HP: 21/26 MP: 1/1
  1132 | D:1      | Found a faded altar of an unknown god.
  1710 | D:2      | Reached skill level 5 in Axes
  1739 | D:2      | Reached XP level 3. HP: 30/31 MP: 2/2
  1777 | D:2      | Reached ** piety under Trog
  2557 | D:3      | Reached skill level 6 in Axes
  2557 | D:3      | Reached XP level 4. HP: 27/39 MP: 3/3
  2840 | D:3      | Noticed an ogre
  2861 | D:3      | Reached skill level 7 in Axes
  2861 | D:3      | Reached XP level 5. HP: 45/45 MP: 4/4
  2871 | D:3      | Killed an ogre
  3080 | D:3      | Found a snail-covered altar of Cheibriados.
  3226 | D:3      | Reached skill level 8 in Axes
  3227 | D:3      | Reached XP level 6. HP: 51/51 MP: 5/5
  3376 | D:3      | Noticed Robin
  3377 | D:3      | Reached *** piety under Trog
  3397 | D:3      | Killed Robin
  3593 | D:3      | Noticed Terence
  3624 | D:3      | Killed Terence
  4144 | D:4      | Found a broken altar of Ashenzari.
  5206 | D:5      | Entered Level 5 of the Dungeon
  5213 | D:5      | Reached skill level 9 in Axes
  5215 | D:5      | Reached XP level 7. HP: 57/57 MP: 6/6
  5219 | D:5      | Reached skill level 10 in Axes
  5493 | D:5      | Found a sand-covered staircase.
  5501 | Ossuary  | Entered an ossuary
  6129 | D:5      | Reached skill level 11 in Axes
  6537 | D:5      | Found a stormy altar of Qazlal.
  6545 | D:5      | Found an ornate altar of the Wu Jian Council.
  6893 | D:6      | Reached **** piety under Trog
  7017 | D:6      | Reached XP level 8. HP: 63/64 MP: 7/7
  7180 | D:6      | Reached skill level 12 in Axes
  7697 | D:7      | Slain by an orc warrior

Illustrated notes

Levels and vault maps discovered:
D:1:      onia_arrival_handbag, layout_basic, shapermc_ecumenical_altar_ellora
D:2:      layout_loops_ring, minmay_quantized
D:3:      layout_loops_corners, slow_altar_1, uniq_terence, uniq_robin
D:4:      layout_basic, mainiacjoe_overflow_small_starburst
D:5:      layout_basic, mainiacjoe_overflow_big_doors, enter_ossuary_3
D:6:      layout_cave_pods
D:7:      layout_basic, lemuel_round_altar, minmay_temple_entry_fiery,
          uniq_pikel

Skill      XL: |  1  2  3  4  5  6  7  8 |
---------------+-------------------------+-----
Axes           | 4 5 6 7 8 9 11 12 | 12.0
Fighting       | |  3.6
Armour         | |  2.4
Dodging        | |  2.1

Action                   |  1- 3 |  4- 6 |  7- 9 || total
-------------------------+-------+-------+-------++-------
Melee: Hand axe          |   106 |   128 |    71 ||   305
       Headbutt          |    12 |    17 |    24 ||    53
       Battleaxe         |       |       |    40 ||    40
Invok: Berserk           |     1 |     3 |       ||     4
Armor: Animal skin       |     7 |       |       ||     7
       Chain mail        |    37 |    35 |       ||    72
       Scale mail        |       |     9 |    39 ||    48
Dodge: Dodged            |    65 |    45 |    32 ||   142

Table legend: (Time is in decaauts)
 A = Elapsed time spent in this place.
 B = Non-inter-level travel time spent in this place.
 C = Inter-level travel time spent in this place.
 D = Time resting spent in this place.
 E = Time spent auto-exploring this place.
 F = Levels seen in this place.
 G = Mean time per level.
                   A        B        C        D        E       F      G
               +--------+--------+--------+--------+--------+-----+--------+
         Total |   7714 |   7566 |    148 |   1852 |   4842 |   8 |  964.2 |
       Dungeon |   7156 |   7008 |    148 |   1512 |   4733 |   7 | 1022.3 |
       Ossuary |    557 |    557 |      0 |    340 |    109 |   1 |  557.0 |
               +--------+--------+--------+--------+--------+-----+--------+

Top non-repeatable levels by time:
     D:1: 1580 daAuts
     D:4: 1489 daAuts
     D:3: 1483 daAuts
     D:6: 894 daAuts
     D:2: 812 daAuts
     D:5: 793 daAuts
 Ossuary: 557 daAuts
     D:7: 102 daAuts
